 Dungeon Crawl Stone Soup version 0.20-a0-739-g6bb112f (webtiles) character file.

33 polly the Shield-Bearer (level 3, -2/23 HPs)
             Began as a Gargoyle Fighter on Feb 25, 2017.
             Killed from afar by Sigmund (3 damage)
             ... with a puff of flame
             ... on level 2 of the Dungeon.
             The game lasted 00:01:05 (881 turns).

polly the Shield-Bearer (Gargoyle Fighter)           Turns: 881, Time: 00:01:06

Health: -2/23      AC: 11    Str: 19    XL:     3   Next: 29%
Magic:  3/3        EV:  7    Int:  8    God:
Gold:   57         SH:  0    Dex: 10    Spells: 2/2 levels left

rFire    . . .     SeeInvis +   a - +0 flail
rCold    . . .     Gourm    .   b - +0 scale mail
rNeg     + . .     Faith    .   c - +0 shield
rPois    ∞         Spirit   .   (no helmet)
rElec    +         Reflect  .   (no cloak)
rCorr    .         Harm     .   k - +0 pair of gloves (curse)
MR       .....                  (no boots)
Stlth    ..........             (no amulet)
Regen    0.1/turn               (no ring)
MPRegen  0.1/turn               l - ring of see invisible

@: confused
A: negative energy resistance 1, electricity resistance, unbreathing,
petrification resistance, rot immunity, AC +3
a: no special abilities


You were on level 2 of the Dungeon.
You were not hungry.

You visited 1 branch of the dungeon, and saw 2 of its levels.

You collected 57 gold pieces.

Inventory:

Hand Weapons
 a - a +0 flail (weapon)
Armour
 b - a +0 scale mail (worn)
 c - a +0 shield (worn)
 k - a cursed +0 pair of gloves (worn)
Jewellery
 l - a ring of see invisible (left hand)
Scrolls
 h - 4 scrolls of identify {unknown}
 i - a scroll of fog {unknown}
 j - 2 scrolls of remove curse {unknown}
 m - a scroll of enchant armour {unknown}
 n - a scroll of immolation {unknown}
 p - a scroll of teleportation {unknown}
Potions
 d - a potion of might
 e - 2 potions of curing {unknown}
 o - a potion of ambrosia {unknown}
 q - a potion of invisibility {unknown}
 r - 3 potions of haste {unknown}
Comestibles
 f - a bread ration
 g - a meat ration


   Skills:
 + Level 3.5 Fighting
 + Level 2.2 Maces & Flails
 + Level 3.7 Armour
 + Level 0.1 Dodging
 + Level 3.8 Shields


You had 2 spell levels left.
You didn't know any spells.

Dungeon Overview and Level Annotations

Branches:
Dungeon (2/15)

Altars:

Annotations:
D:2 Sigmund


Innate Abilities, Weirdness & Mutations

You are resistant to torment.
Your stone body is resilient. (AC +3)
You are immune to poison.
You resist negative energy. (rN+)
You are resistant to electric shocks. (rElec)
You can survive without breathing.
You are immune to petrification.
You are immune to rotting.


Message History

Sigmund flickers and vanishes for a moment.
You sock Sigmund!
Sigmund is severely wounded.
Sigmund points at you and mumbles some strange words.
The magic dart hits you!
Your shield and scale mail prevent you from hitting Sigmund.
Sigmund is severely wounded.
Sigmund gestures at you while chanting.
You are confused.
You sock Sigmund!
Sigmund is almost dead.
Sigmund casts a spell at you.
You are more confused.
Sigmund closely misses you.
You bump into the rock wall.
You barely miss Sigmund.
Sigmund is almost dead.
Sigmund casts a spell at you. The puff of flame hits you!
You die...

........##.............
.......................#
................#####..#
.......###÷.....# ###..#
..........÷.....##.....#
........................
...##.......###........
.###......## #....$...
...........# #@.......
....#......####@.......
.....#........##........
.... #......#.##>.......
##........###...........
###...)### #####.......
#.... ....#.# ##...
......# #..


You could see Sigmund (invisible).

Vanquished Creatures
  An adder (D:2)
  A leopard gecko (D:1)
  A ball python (D:2)
  3 bats
  4 giant cockroaches
  2 goblins (D:1)
  A hobgoblin (D:1)
  3 kobolds
  2 frilled lizards (D:1)
  2 rats (D:2)
20 creatures vanquished.

Notes
Turn   | Place    | Note
-------+----------+-------------------------------------------
     0 | D:1      | polly the Gargoyle Fighter began the quest for the Orb.
     0 | D:1      | Reached XP level 1. HP: 14/14 MP: 1/1
   113 | D:1      | Reached XP level 2. HP: 14/19 MP: 2/2
   637 | D:2      | Reached XP level 3. HP: 9/23 MP: 3/3
   858 | D:2      | Noticed Sigmund
   873 | D:2      | HP: 1/23 [Sigmund/scythe (7)]
   881 | D:2      | Killed from afar by Sigmund

Vault maps used:
D:1:      dpeg_arrival_windows_large_door
D:2:      minmay_quantized, uniq_sigmund

Action                   || total
-------------------------++-------
Melee: Flail             ||   112
Armor: Scale mail        ||    85
Dodge: Dodged            ||    44
Block: Shield            ||    78
